 Dungeon Crawl Stone Soup version 0.18-a0-1284-g43455fe (webtiles) character file.

566 RedPan the Magician (level 7, -6/41 HPs)
             Began as an Octopode Wizard on Feb 8, 2016.
             Was an Initiate of Vehumet.
             Mangled by a black bear (10 damage)
             ... on level 5 of the Dungeon.
             The game lasted 00:15:57 (4853 turns).

RedPan the Magician (Octopode Wizard)               Turns: 4853, Time: 00:15:57

Health: -6/41      AC:  1    Str:  6    XL:     7   Next: 32%
Magic:  7/15       EV: 12    Int: 22    God:    Vehumet [......]
Gold:   257        SH:  0    Dex: 14    Spells: 6 memorised, 5 levels left

rFire  . . .     SeeInvis .     B - +0 long sword of the Hidden Vale {slice, rPois Dex+3} (curse)
rCold  . . .     Gourm    .     (no shield)
rNeg   . . .     Faith    .     a - +0 hat
rPois  +         Spirit   .     (no amulet)
rElec  .         Dismiss  .     j - ring of wizardry
rCorr  .         Reflect  .     (no ring)
SustAt .         Harm     .     (no ring)
MR     .....                    (no ring)
Stlth  +++.......               (no ring)
                                (no ring)
                                (no ring)
                                (no ring)

@: not resistant to hostile enchantments, fairly stealthy
A: almost no armour, amphibious, 8 rings, constrict 8, camouflage 1, gelatinous
body 1
a: Renounce Religion


You were on level 5 of the Dungeon.
You worshipped Vehumet.
Vehumet was noncommittal.
You were not hungry.

You visited 2 branches of the dungeon, and saw 6 of its levels.

You collected 257 gold pieces.

Inventory:

Hand Weapons
 l - a +0 whip
 p - a +2 hand axe of venom
 r - a +2 flail of protection
 B - the cursed +0 long sword of the Hidden Vale (weapon) {slice, rPois Dex+3}
   (You found it on level 5 of the Dungeon)

   It inflicts extra damage upon your enemies.
   It affects your dexterity (+3).
   It protects you from poison.
   It has a curse placed upon it.
Armour
 a - a +0 hat (worn)
Jewellery
 j - a ring of wizardry (left tentacle)
Scrolls
 f - 2 scrolls of teleportation
 g - a scroll of enchant weapon
 n - a scroll of recharging
 o - a scroll of identify
 w - a scroll of remove curse
 y - a scroll of silence {unknown}
Potions
 d - a potion of brilliance
 e - a potion of curing
 h - a potion of ambrosia
 i - 3 potions of agility
 k - 2 potions of heal wounds
 m - a potion of flight
 q - a potion of haste
 v - a potion of berserk rage {unknown}
 x - a potion of lignification
 A - a potion of degeneration {unknown}
Books
 b - a book of Minor Magic

   Spells                             Type                      Level
   a - Magic Dart                     Conjuration                  1
   b - Blink                          Translocation                2
   c - Call Imp                       Summoning                    2
   d - Repel Missiles                 Charms/Air                   2
   e - Slow                           Hexes                        2
   f - Conjure Flame                  Conjuration/Fire             3
   g - Mephitic Cloud                 Conjuration/Poison/Air       3
Comestibles
 c - 6 bread rations
 s - 2 beef jerkies
 t - a royal jelly
 u - a meat ration
 z - a slice of pizza


   Skills:
 - Level 2.0 Dodging
 - Level 2.6 Stealth
 + Level 5.7 Spellcasting
 + Level 5.4 Conjurations
 - Level 1.0 Summonings
 - Level 1.0 Translocations


You had 5 spell levels left.
You knew the following spells:

 Your Spells              Type           Power        Failure   Level  Hunger
a - Magic Dart            Conj           ####         1%          1    None
b - Mephitic Cloud        Conj/Pois/Air  ##......     6%          3    ##.....
c - Slow                  Hex            #.......     7%          2    None
d - Call Imp              Summ           ##......     4%          2    None
e - Blink                 Tloc           N/A          4%          2    None
f - Repel Missiles        Chrm/Air       #.....       7%          2    None


Dungeon Overview and Level Annotations

Branches:
Dungeon (5/15)             Temple (1/1) D:4

Altars:
Ashenzari
Cheibriados
Dithmenos
Gozag
Kikubaaqudgha
Makhleb
Okawaru
Ru
Sif Muna
Vehumet
Xom
Zin
Lugonu


Innate Abilities, Weirdness & Mutations

You cannot wear most types of armour.
You are amphibious.
You can wear up to eight rings at the same time.
You can use your tentacles to constrict eight enemies at once.
Your skin changes colour to match your surroundings (Stealth).
Your rubbery body absorbs attacks (AC +1).


Message History

The black bear is severely wounded.
The black bear bites you. The black bear claws you. x2
You barely miss the black bear. Your grab misses the black bear.
Your squeeze misses the black bear.
The black bear is severely wounded.
The black bear bites you. The black bear closely misses you. x2
The black bear bites you. The black bear claws you. x2
* * * LOW HITPOINT WARNING * * *
The black bear goes berserk!
Casting: Magic Dart
Confirm with . or Enter, or press ? or * to list all spells.
You blink.
The black bear closely misses you. The black bear claws you.
* * * LOW HITPOINT WARNING * * *
The black bear claws you.
* * * LOW HITPOINT WARNING * * *
Casting: Blink
Confirm with . or Enter, or press ? or * to list all spells.
You blink.
The black bear bites you!
You die...

#...## #...####
#...#...
#.....## #...###
#...#
###########...#
#........)....#
##@#############
##h## ##.## #..#
##.## #..# #..#
#.## #.#


You could see a black bear (berserk).

Vanquished Creatures
  A centaur (D:5)
  A giant frog (D:4)
  A hound (D:4)
  An orc priest (D:4)
  An orc wizard (D:4)
  An iguana (D:5)
  Terence (D:3)
  Natasha (twice) (D:3)
  A worker ant (D:4)
  A hound skeleton (D:4)
  7 adders
  2 oozes
  An adder zombie (D:5)
  4 giant geckos
  11 orcs
  3 giant cockroaches
  5 goblins
  8 hobgoblins
  7 jackals (D:3)
  A quokka (D:3)
  2 ball pythons
  7 bats
  7 giant newts
  A jackal skeleton (D:4)
  16 kobolds
  6 rats
99 creatures vanquished.

Vanquished Creatures (collateral kills)
  A giant frog skeleton (D:3)
  Natasha (D:3)
  A worm (D:2)
  An orc (D:3)
4 creatures vanquished.

Grand Total: 103 creatures vanquished

Notes
Turn   | Place    | Note
--------------------------------------------------------------
     0 | D:1      | RedPan the Octopode Wizard began the quest for the Orb.
     0 | D:1      | Reached XP level 1. HP: 11/11 MP: 4/4
   797 | D:1      | Reached XP level 2. HP: 17/17 MP: 1/6
  1269 | D:2      | Reached XP level 3. HP: 21/21 MP: 3/7
  1602 | D:2      | Learned a level 3 spell: Mephitic Cloud
  1605 | D:2      | Learned a level 2 spell: Slow
  1608 | D:2      | Learned a level 2 spell: Call Imp
  1638 | D:2      | Reached XP level 4. HP: 27/27 MP: 3/9
  2289 | D:3      | Noticed Natasha
  2419 | D:3      | Reached skill level 4 in Spellcasting
  2681 | D:3      | Reached XP level 5. HP: 31/31 MP: 4/11
  2777 | D:3      | Noticed Terence
  2790 | D:3      | Killed Terence
  2953 | D:3      | Learned a level 2 spell: Blink
  2956 | D:3      | Learned a level 2 spell: Repel Missiles
  2994 | D:3      | Killed Natasha
  3006 | D:3      | Noticed Natasha
  3016 | D:3      | Killed Natasha
  3144 | D:3      | Noticed Natasha
  3150 | D:3      | Killed Natasha
  3150 | D:3      | Reached XP level 6. HP: 36/36 MP: 7/13
  3446 | D:4      | Reached skill level 5 in Spellcasting
  3597 | D:4      | Found a glowing silver altar of Zin.
  3597 | D:4      | Found a burning altar of Makhleb.
  3598 | D:4      | Noticed a green death
  3598 | D:4      | Noticed an angel
  3690 | D:4      | Found a shimmering altar of Xom.
  3780 | D:4      | Found a staircase to the Ecumenical Temple.
  3840 | Temple   | Entered the Ecumenical Temple
  3903 | Temple   | Became a worshipper of Vehumet
  4063 | D:4      | Reached skill level 5 in Conjurations
  4063 | D:4      | Reached XP level 7. HP: 38/41 MP: 3/15
  4295 | D:5      | Entered Level 5 of the Dungeon
  4629 | D:5      | Got a twisted long sword
  4630 | D:5      | Identified the cursed +0 long sword of the Hidden Vale {slice, rPois Dex+3} (You found it on level 5 of the Dungeon)
  4853 | D:5      | Mangled by a black bear

Vault maps used:
D:1:      lightli_arrival_maybe_door_vault, minmay_misc_feat_iff
D:2:      first_bread
D:3:      minivault_27, uniq_natasha, uniq_terence
D:4:      grunt_temple_overflow_order_and_chaos_2, minmay_temple_entry_glass,
          xom_teletrap_fun
D:5:      black_bear_nest_1, lemuel_doored_altar
Temple:   corrupted_temple

Action                   |  1- 3 |  4- 6 |  7- 9 || total
-------------------------+-------+-------+-------++-------
Melee: Unarmed           |    15 |       |       ||    15
       Whip              |     5 |       |       ||     5
       Hand axe          |       |    78 |     5 ||    83
       Long sword        |       |       |     4 ||     4
 Cast: Magic Dart        |    61 |    86 |    13 ||   160
       Call Imp          |       |     9 |     3 ||    12
       Slow              |       |     2 |       ||     2
       Mephitic Cloud    |       |     2 |     1 ||     3
       Blink             |       |       |     2 ||     2
  Use: Scroll            |       |     7 |     5 ||    12
       Potion            |       |     6 |     1 ||     7
 Stab: Sleeping          |     3 |     3 |       ||     6
       Confused          |       |     2 |       ||     2
       Distracted        |       |     1 |       ||     1
  Eat: Chunk             |     2 |     7 |     3 ||    12
